Workbook

Sheet Instructions
B2: SABIO Consultancy — Fixed Asset Register
B3: IAS 16 Property, Plant and Equipment — Straight-Line and Reducing Balance
B5: What this workbook does
B6: This is a ready-to-use Fixed Asset Register for tracking multiple assets through a single
B7: financial year. For every asset it shows the opening cost and opening accumulated
B8: depreciation brought forward, the depreciation charge for the year, any accumulated
B9: depreciation written off on disposal during the year, and the closing cost, accumulated
B10: depreciation and net book value carried forward — the standard IAS 16 fixed asset note
B11: roll-forward format. It supports both depreciation methods permitted under IAS 16: the
B12: Straight-Line method and the Reducing (Diminishing) Balance method, on two separate
B13: register tabs so you can compare them side by side.
B15: How to use it
... B68: Summary

Sheet Settings
B1: ← Back to Instructions
B3: Global Settings
B5: Financial Year End: | C5: 46387
B6: Financial Year Start (auto-calculated): | C6: =DATE(YEAR(C5)-1,MONTH(C5),DAY(C5))+1 -> 46023
B8: Every asset's opening and closing balances on both register tabs are rolled forward for the 12-month period between these two dates.

Sheet Straight-Line Register
A1: ← Back to Instructions
A2: Straight-Line Register
A3: Straight-line depreciation — opening and closing balances rolled forward for the financial year set on the Settings tab.
A5: Asset ID | B5: Description | C5: Category | D5: Purchase Date | E5: Cost | F5: Salvage Value | G5: Useful Life (yrs) | H5: Disposal Date | I5: Financial Year Start | J5: Financial Year End | K5: Depreciable Amount | L5: Annual Depreciation | M5: Opening Cost | N5: Opening Accumulated Depreciation | O5: Depreciation Charge for the Year | P5: Accumulated Depreciation Written Off on Disposal | Q5: Closing Accumulated Depreciation | R5: Closing Cost | S5: Closing Net Book Value | T5: Status
A6: FA-001 | B6: CNC Machining Center | C6: Machinery | D6: 46218 | E6: 50000 | F6: 5000 | G6: 9 | I6: =IF($A6="","",Settings!$C$6) -> 46023 | J6: =IF($A6="","",Settings!$C$5) -> 46387 | K6: =IF($A6="","",E6-F6) -> 45000 | L6: =IF($A6="","",IFERROR(K6/G6,"")) -> 5000 | M6: =IF($A6="","",IF(AND(D6<=I6,OR(H6="",H6>=I6)),E6,0)) -> 0 | N6: =IF($A6="","",IF(M6=0,0,MIN(L6*MAX(0,MIN(I6,D6+G6*365.25)-D6)/365.25,K6))) -> 0 | O6: =IF($A6="","",IF(OR(D6>J6,AND(H6<>"",H6<I6)),0,MIN(L6*MAX(0,MIN(IF(AND(H6<>"",H6<=J6),H6,J6),D6+G6*365.25)-D6)/365.25,K6)-N6)) -> 2313.4839 | P6: =IF($A6="","",IF(AND(H6<>"",H6>=I6,H6<=J6),N6+O6,0)) -> 0 | Q6: =IF($A6="","",N6+O6-P6) -> 2313.4839 | R6: =IF($A6="","",IF(OR(D6>J6,AND(H6<>"",H6<=J6)),0,E6)) -> 50000 | S6: =IF($A6="","",R6-Q6) -> 47686.516 | T6: =IF($A6="","",IF(D6>J6,"Not yet acquired",IF(AND(H6<>"",H6<=J6),IF(H6<I6,"Disposed (Prior Year)","Disposed This Year"),IF(Q6>=K6-0.5,"Fully depreciated","In use")))) -> In use
A7: FA-002 | B7: Toyota Hilux — Fleet Vehicle | C7: Vehicles | D7: 45352 | E7: 38000 | F7: 6000 | G7: 6 | I7: =IF($A7="","",Settings!$C$6) -> 46023 | J7: =IF($A7="","",Settings!$C$5) -> 46387 | K7: =IF($A7="","",E7-F7) -> 32000 | L7: =IF($A7="","",IFERROR(K7/G7,"")) -> 5333.3333 | M7: =IF($A7="","",IF(AND(D7<=I7,OR(H7="",H7>=I7)),E7,0)) -> 38000 | N7: =IF($A7="","",IF(M7=0,0,MIN(L7*MAX(0,MIN(I7,D7+G7*365.25)-D7)/365.25,K7))) -> 9797.8554 | O7: =IF($A7="","",IF(OR(D7>J7,AND(H7<>"",H7<I7)),0,MIN(L7*MAX(0,MIN(IF(AND(H7<>"",H7<=J7),H7,J7),D7+G7*365.25)-D7)/365.25,K7)-N7)) -> 5315.081 | P7: =IF($A7="","",IF(AND(H7<>"",H7>=I7,H7<=J7),N7+O7,0)) -> 0 | Q7: =IF($A7="","",N7+O7-P7) -> 15112.936 | R7: =IF($A7="","",IF(OR(D7>J7,AND(H7<>"",H7<=J7)),0,E7)) -> 38000 | S7: =IF($A7="","",R7-Q7) -> 22887.064 | T7: =IF($A7="","",IF(D7>J7,"Not yet acquired",IF(AND(H7<>"",H7<=J7),IF(H7<I7,"Disposed (Prior Year)","Disposed This Year"),IF(Q7>=K7-0.5,"Fully depreciated","In use")))) -> In use
A8: FA-003 | B8: Head Office Building (Extension) | C8: Buildings | D8: 43475 | E8: 420000 | F8: 60000 | G8: 30 | I8: =IF($A8="","",Settings!$C$6) -> 46023 | J8: =IF($A8="","",Settings!$C$5) -> 46387 | K8: =IF($A8="","",E8-F8) -> 360000 | L8: =IF($A8="","",IFERROR(K8/G8,"")) -> 12000 | M8: =IF($A8="","",IF(AND(D8<=I8,OR(H8="",H8>=I8)),E8,0)) -> 420000 | N8: =IF($A8="","",IF(M8=0,0,MIN(L8*MAX(0,MIN(I8,D8+G8*365.25)-D8)/365.25,K8))) -> 83712.526 | O8: =IF($A8="","",IF(OR(D8>J8,AND(H8<>"",H8<I8)),0,MIN(L8*MAX(0,MIN(IF(AND(H8<>"",H8<=J8),H8,J8),D8+G8*365.25)-D8)/365.25,K8)-N8)) -> 11958.932 | P8: =IF($A8="","",IF(AND(H8<>"",H8>=I8,H8<=J8),N8+O8,0)) -> 0 | Q8: =IF($A8="","",N8+O8-P8) -> 95671.458 | R8: =IF($A8="","",IF(OR(D8>J8,AND(H8<>"",H8<=J8)),0,E8)) -> 420000 | S8: =IF($A8="","",R8-Q8) -> 324328.54 | T8: =IF($A8="","",IF(D8>J8,"Not yet acquired",IF(AND(H8<>"",H8<=J8),IF(H8<I8,"Disposed (Prior Year)","Disposed This Year"),IF(Q8>=K8-0.5,"Fully depreciated","In use")))) -> In use
A9: FA-004 | B9: Dell Precision Workstations (x12) | C9: Computer Equipment | D9: 45981 | E9: 21600 | F9: 1200 | G9: 4 | I9: =IF($A9="","",Settings!$C$6) -> 46023 | J9: =IF($A9="","",Settings!$C$5) -> 46387 | K9: =IF($A9="","",E9-F9) -> 20400 | L9: =IF($A9="","",IFERROR(K9/G9,"")) -> 5100 | M9: =IF($A9="","",IF(AND(D9<=I9,OR(H9="",H9>=I9)),E9,0)) -> 21600 | N9: =IF($A9="","",IF(M9=0,0,MIN(L9*MAX(0,MIN(I9,D9+G9*365.25)-D9)/365.25,K9))) -> 586.44764 | O9: =IF($A9="","",IF(OR(D9>J9,AND(H9<>"",H9<I9)),0,MIN(L9*MAX(0,MIN(IF(AND(H9<>"",H9<=J9),H9,J9),D9+G9*365.25)-D9)/365.25,K9)-N9)) -> 5082.5462 | P9: =IF($A9="","",IF(AND(H9<>"",H9>=I9,H9<=J9),N9+O9,0)) -> 0 | Q9: =IF($A9="","",N9+O9-P9) -> 5668.9938 | R9: =IF($A9="","",IF(OR(D9>J9,AND(H9<>"",H9<=J9)),0,E9)) -> 21600 | S9: =IF($A9="","",R9-Q9) -> 15931.006 | T9: =IF($A9="","",IF(D9>J9,"Not yet acquired",IF(AND(H9<>"",H9<=J9),IF(H9<I9,"Disposed (Prior Year)","Disposed This Year"),IF(Q9>=K9-0.5,"Fully depreciated","In use")))) -> In use
A10: FA-005 | B10: Warehouse Racking System | C10: Fixtures & Fittings | D10: 45078 | E10: 15500 | F10: 1500 | G10: 10 | H10: 46295 | I10: =IF($A10="","",Settings!$C$6) -> 46023 | J10: =IF($A10="","",Settings!$C$5) -> 46387 | K10: =IF($A10="","",E10-F10) -> 14000 | L10: =IF($A10="","",IFERROR(K10/G10,"")) -> 1400 | M10: =IF($A10="","",IF(AND(D10<=I10,OR(H10="",H10>=I10)),E10,0)) -> 15500 | N10: =IF($A10="","",IF(M10=0,0,MIN(L10*MAX(0,MIN(I10,D10+G10*365.25)-D10)/365.25,K10))) -> 3622.1766 | O10: =IF($A10="","",IF(OR(D10>J10,AND(H10<>"",H10<I10)),0,MIN(L10*MAX(0,MIN(IF(AND(H10<>"",H10<=J10),H10,J10),D10+G10*365.25)-D10)/365.25,K10)-N10)) -> 1042.5736 | P10: =IF($A10="","",IF(AND(H10<>"",H10>=I10,H10<=J10),N10+O10,0)) -> 4664.7502 | Q10: =IF($A10="","",N10+O10-P10) -> 0 | R10: =IF($A10="","",IF(OR(D10>J10,AND(H10<>"",H10<=J10)),0,E10)) -> 0 | S10: =IF($A10="","",R10-Q10) -> 0 | T10: =IF($A10="","",IF(D10>J10,"Not yet acquired",IF(AND(H10<>"",H10<=J10),IF(H10<I10,"Disposed (Prior Year)","Disposed This Year"),IF(Q10>=K10-0.5,"Fully depreciated","In use")))) -> Disposed This Year
I11: =IF($A11="","",Settings!$C$6) | J11: =IF($A11="","",Settings!$C$5) | K11: =IF($A11="","",E11-F11) | L11: =IF($A11="","",IFERROR(K11/G11,"")) | M11: =IF($A11="","",IF(AND(D11<=I11,OR(H11="",H11>=I11)),E11,0)) | N11: =IF($A11="","",IF(M11=0,0,MIN(L11*MAX(0,MIN(I11,D11+G11*365.25)-D11)/365.25,K11))) | O11: =IF($A11="","",IF(OR(D11>J11,AND(H11<>"",H11<I11)),0,MIN(L11*MAX(0,MIN(IF(AND(H11<>"",H11<=J11),H11,J11),D11+G11*365.25)-D11)/365.25,K11)-N11)) | P11: =IF($A11="","",IF(AND(H11<>"",H11>=I11,H11<=J11),N11+O11,0)) | Q11: =IF($A11="","",N11+O11-P11) | R11: =IF($A11="","",IF(OR(D11>J11,AND(H11<>"",H11<=J11)),0,E11)) | S11: =IF($A11="","",R11-Q11) | T11: =IF($A11="","",IF(D11>J11,"Not yet acquired",IF(AND(H11<>"",H11<=J11),IF(H11<I11,"Disposed (Prior Year)","Disposed This Year"),IF(Q11>=K11-0.5,"Fully depreciated","In use"))))
I12: =IF($A12="","",Settings!$C$6) | J12: =IF($A12="","",Settings!$C$5) | K12: =IF($A12="","",E12-F12) | L12: =IF($A12="","",IFERROR(K12/G12,"")) | M12: =IF($A12="","",IF(AND(D12<=I12,OR(H12="",H12>=I12)),E12,0)) | N12: =IF($A12="","",IF(M12=0,0,MIN(L12*MAX(0,MIN(I12,D12+G12*365.25)-D12)/365.25,K12))) | O12: =IF($A12="","",IF(OR(D12>J12,AND(H12<>"",H12<I12)),0,MIN(L12*MAX(0,MIN(IF(AND(H12<>"",H12<=J12),H12,J12),D12+G12*365.25)-D12)/365.25,K12)-N12)) | P12: =IF($A12="","",IF(AND(H12<>"",H12>=I12,H12<=J12),N12+O12,0)) | Q12: =IF($A12="","",N12+O12-P12) | R12: =IF($A12="","",IF(OR(D12>J12,AND(H12<>"",H12<=J12)),0,E12)) | S12: =IF($A12="","",R12-Q12) | T12: =IF($A12="","",IF(D12>J12,"Not yet acquired",IF(AND(H12<>"",H12<=J12),IF(H12<I12,"Disposed (Prior Year)","Disposed This Year"),IF(Q12>=K12-0.5,"Fully depreciated","In use"))))
I13: =IF($A13="","",Settings!$C$6) | J13: =IF($A13="","",Settings!$C$5) | K13: =IF($A13="","",E13-F13) | L13: =IF($A13="","",IFERROR(K13/G13,"")) | M13: =IF($A13="","",IF(AND(D13<=I13,OR(H13="",H13>=I13)),E13,0)) | N13: =IF($A13="","",IF(M13=0,0,MIN(L13*MAX(0,MIN(I13,D13+G13*365.25)-D13)/365.25,K13))) | O13: =IF($A13="","",IF(OR(D13>J13,AND(H13<>"",H13<I13)),0,MIN(L13*MAX(0,MIN(IF(AND(H13<>"",H13<=J13),H13,J13),D13+G13*365.25)-D13)/365.25,K13)-N13)) | P13: =IF($A13="","",IF(AND(H13<>"",H13>=I13,H13<=J13),N13+O13,0)) | Q13: =IF($A13="","",N13+O13-P13) | R13: =IF($A13="","",IF(OR(D13>J13,AND(H13<>"",H13<=J13)),0,E13)) | S13: =IF($A13="","",R13-Q13) | T13: =IF($A13="","",IF(D13>J13,"Not yet acquired",IF(AND(H13<>"",H13<=J13),IF(H13<I13,"Disposed (Prior Year)","Disposed This Year"),IF(Q13>=K13-0.5,"Fully depreciated","In use"))))
I14: =IF($A14="","",Settings!$C$6) | J14: =IF($A14="","",Settings!$C$5) | K14: =IF($A14="","",E14-F14) | L14: =IF($A14="","",IFERROR(K14/G14,"")) | M14: =IF($A14="","",IF(AND(D14<=I14,OR(H14="",H14>=I14)),E14,0)) | N14: =IF($A14="","",IF(M14=0,0,MIN(L14*MAX(0,MIN(I14,D14+G14*365.25)-D14)/365.25,K14))) | O14: =IF($A14="","",IF(OR(D14>J14,AND(H14<>"",H14<I14)),0,MIN(L14*MAX(0,MIN(IF(AND(H14<>"",H14<=J14),H14,J14),D14+G14*365.25)-D14)/365.25,K14)-N14)) | P14: =IF($A14="","",IF(AND(H14<>"",H14>=I14,H14<=J14),N14+O14,0)) | Q14: =IF($A14="","",N14+O14-P14) | R14: =IF($A14="","",IF(OR(D14>J14,AND(H14<>"",H14<=J14)),0,E14)) | S14: =IF($A14="","",R14-Q14) | T14: =IF($A14="","",IF(D14>J14,"Not yet acquired",IF(AND(H14<>"",H14<=J14),IF(H14<I14,"Disposed (Prior Year)","Disposed This Year"),IF(Q14>=K14-0.5,"Fully depreciated","In use"))))
I15: =IF($A15="","",Settings!$C$6) | J15: =IF($A15="","",Settings!$C$5) | K15: =IF($A15="","",E15-F15) | L15: =IF($A15="","",IFERROR(K15/G15,"")) | M15: =IF($A15="","",IF(AND(D15<=I15,OR(H15="",H15>=I15)),E15,0)) | N15: =IF($A15="","",IF(M15=0,0,MIN(L15*MAX(0,MIN(I15,D15+G15*365.25)-D15)/365.25,K15))) | O15: =IF($A15="","",IF(OR(D15>J15,AND(H15<>"",H15<I15)),0,MIN(L15*MAX(0,MIN(IF(AND(H15<>"",H15<=J15),H15,J15),D15+G15*365.25)-D15)/365.25,K15)-N15)) | P15: =IF($A15="","",IF(AND(H15<>"",H15>=I15,H15<=J15),N15+O15,0)) | Q15: =IF($A15="","",N15+O15-P15) | R15: =IF($A15="","",IF(OR(D15>J15,AND(H15<>"",H15<=J15)),0,E15)) | S15: =IF($A15="","",R15-Q15) | T15: =IF($A15="","",IF(D15>J15,"Not yet acquired",IF(AND(H15<>"",H15<=J15),IF(H15<I15,"Disposed (Prior Year)","Disposed This Year"),IF(Q15>=K15-0.5,"Fully depreciated","In use"))))
I16: =IF($A16="","",Settings!$C$6) | J16: =IF($A16="","",Settings!$C$5) | K16: =IF($A16="","",E16-F16) | L16: =IF($A16="","",IFERROR(K16/G16,"")) | M16: =IF($A16="","",IF(AND(D16<=I16,OR(H16="",H16>=I16)),E16,0)) | N16: =IF($A16="","",IF(M16=0,0,MIN(L16*MAX(0,MIN(I16,D16+G16*365.25)-D16)/365.25,K16))) | O16: =IF($A16="","",IF(OR(D16>J16,AND(H16<>"",H16<I16)),0,MIN(L16*MAX(0,MIN(IF(AND(H16<>"",H16<=J16),H16,J16),D16+G16*365.25)-D16)/365.25,K16)-N16)) | P16: =IF($A16="","",IF(AND(H16<>"",H16>=I16,H16<=J16),N16+O16,0)) | Q16: =IF($A16="","",N16+O16-P16) | R16: =IF($A16="","",IF(OR(D16>J16,AND(H16<>"",H16<=J16)),0,E16)) | S16: =IF($A16="","",R16-Q16) | T16: =IF($A16="","",IF(D16>J16,"Not yet acquired",IF(AND(H16<>"",H16<=J16),IF(H16<I16,"Disposed (Prior Year)","Disposed This Year"),IF(Q16>=K16-0.5,"Fully depreciated","In use"))))
I17: =IF($A17="","",Settings!$C$6) | J17: =IF($A17="","",Settings!$C$5) | K17: =IF($A17="","",E17-F17) | L17: =IF($A17="","",IFERROR(K17/G17,"")) | M17: =IF($A17="","",IF(AND(D17<=I17,OR(H17="",H17>=I17)),E17,0)) | N17: =IF($A17="","",IF(M17=0,0,MIN(L17*MAX(0,MIN(I17,D17+G17*365.25)-D17)/365.25,K17))) | O17: =IF($A17="","",IF(OR(D17>J17,AND(H17<>"",H17<I17)),0,MIN(L17*MAX(0,MIN(IF(AND(H17<>"",H17<=J17),H17,J17),D17+G17*365.25)-D17)/365.25,K17)-N17)) | P17: =IF($A17="","",IF(AND(H17<>"",H17>=I17,H17<=J17),N17+O17,0)) | Q17: =IF($A17="","",N17+O17-P17) | R17: =IF($A17="","",IF(OR(D17>J17,AND(H17<>"",H17<=J17)),0,E17)) | S17: =IF($A17="","",R17-Q17) | T17: =IF($A17="","",IF(D17>J17,"Not yet acquired",IF(AND(H17<>"",H17<=J17),IF(H17<I17,"Disposed (Prior Year)","Disposed This Year"),IF(Q17>=K17-0.5,"Fully depreciated","In use"))))
I18: =IF($A18="","",Settings!$C$6) | J18: =IF($A18="","",Settings!$C$5) | K18: =IF($A18="","",E18-F18) | L18: =IF($A18="","",IFERROR(K18/G18,"")) | M18: =IF($A18="","",IF(AND(D18<=I18,OR(H18="",H18>=I18)),E18,0)) | N18: =IF($A18="","",IF(M18=0,0,MIN(L18*MAX(0,MIN(I18,D18+G18*365.25)-D18)/365.25,K18))) | O18: =IF($A18="","",IF(OR(D18>J18,AND(H18<>"",H18<I18)),0,MIN(L18*MAX(0,MIN(IF(AND(H18<>"",H18<=J18),H18,J18),D18+G18*365.25)-D18)/365.25,K18)-N18)) | P18: =IF($A18="","",IF(AND(H18<>"",H18>=I18,H18<=J18),N18+O18,0)) | Q18: =IF($A18="","",N18+O18-P18) | R18: =IF($A18="","",IF(OR(D18>J18,AND(H18<>"",H18<=J18)),0,E18)) | S18: =IF($A18="","",R18-Q18) | T18: =IF($A18="","",IF(D18>J18,"Not yet acquired",IF(AND(H18<>"",H18<=J18),IF(H18<I18,"Disposed (Prior Year)","Disposed This Year"),IF(Q18>=K18-0.5,"Fully depreciated","In use"))))
I19: =IF($A19="","",Settings!$C$6) | J19: =IF($A19="","",Settings!$C$5) | K19: =IF($A19="","",E19-F19) | L19: =IF($A19="","",IFERROR(K19/G19,"")) | M19: =IF($A19="","",IF(AND(D19<=I19,OR(H19="",H19>=I19)),E19,0)) | N19: =IF($A19="","",IF(M19=0,0,MIN(L19*MAX(0,MIN(I19,D19+G19*365.25)-D19)/365.25,K19))) | O19: =IF($A19="","",IF(OR(D19>J19,AND(H19<>"",H19<I19)),0,MIN(L19*MAX(0,MIN(IF(AND(H19<>"",H19<=J19),H19,J19),D19+G19*365.25)-D19)/365.25,K19)-N19)) | P19: =IF($A19="","",IF(AND(H19<>"",H19>=I19,H19<=J19),N19+O19,0)) | Q19: =IF($A19="","",N19+O19-P19) | R19: =IF($A19="","",IF(OR(D19>J19,AND(H19<>"",H19<=J19)),0,E19)) | S19: =IF($A19="","",R19-Q19) | T19: =IF($A19="","",IF(D19>J19,"Not yet acquired",IF(AND(H19<>"",H19<=J19),IF(H19<I19,"Disposed (Prior Year)","Disposed This Year"),IF(Q19>=K19-0.5,"Fully depreciated","In use"))))
I20: =IF($A20="","",Settings!$C$6) | J20: =IF($A20="","",Settings!$C$5) | K20: =IF($A20="","",E20-F20) | L20: =IF($A20="","",IFERROR(K20/G20,"")) | M20: =IF($A20="","",IF(AND(D20<=I20,OR(H20="",H20>=I20)),E20,0)) | N20: =IF($A20="","",IF(M20=0,0,MIN(L20*MAX(0,MIN(I20,D20+G20*365.25)-D20)/365.25,K20))) | O20: =IF($A20="","",IF(OR(D20>J20,AND(H20<>"",H20<I20)),0,MIN(L20*MAX(0,MIN(IF(AND(H20<>"",H20<=J20),H20,J20),D20+G20*365.25)-D20)/365.25,K20)-N20)) | P20: =IF($A20="","",IF(AND(H20<>"",H20>=I20,H20<=J20),N20+O20,0)) | Q20: =IF($A20="","",N20+O20-P20) | R20: =IF($A20="","",IF(OR(D20>J20,AND(H20<>"",H20<=J20)),0,E20)) | S20: =IF($A20="","",R20-Q20) | T20: =IF($A20="","",IF(D20>J20,"Not yet acquired",IF(AND(H20<>"",H20<=J20),IF(H20<I20,"Disposed (Prior Year)","Disposed This Year"),IF(Q20>=K20-0.5,"Fully depreciated","In use"))))
I21: =IF($A21="","",Settings!$C$6) | J21: =IF($A21="","",Settings!$C$5) | K21: =IF($A21="","",E21-F21) | L21: =IF($A21="","",IFERROR(K21/G21,"")) | M21: =IF($A21="","",IF(AND(D21<=I21,OR(H21="",H21>=I21)),E21,0)) | N21: =IF($A21="","",IF(M21=0,0,MIN(L21*MAX(0,MIN(I21,D21+G21*365.25)-D21)/365.25,K21))) | O21: =IF($A21="","",IF(OR(D21>J21,AND(H21<>"",H21<I21)),0,MIN(L21*MAX(0,MIN(IF(AND(H21<>"",H21<=J21),H21,J21),D21+G21*365.25)-D21)/365.25,K21)-N21)) | P21: =IF($A21="","",IF(AND(H21<>"",H21>=I21,H21<=J21),N21+O21,0)) | Q21: =IF($A21="","",N21+O21-P21) | R21: =IF($A21="","",IF(OR(D21>J21,AND(H21<>"",H21<=J21)),0,E21)) | S21: =IF($A21="","",R21-Q21) | T21: =IF($A21="","",IF(D21>J21,"Not yet acquired",IF(AND(H21<>"",H21<=J21),IF(H21<I21,"Disposed (Prior Year)","Disposed This Year"),IF(Q21>=K21-0.5,"Fully depreciated","In use"))))
I22: =IF($A22="","",Settings!$C$6) | J22: =IF($A22="","",Settings!$C$5) | K22: =IF($A22="","",E22-F22) | L22: =IF($A22="","",IFERROR(K22/G22,"")) | M22: =IF($A22="","",IF(AND(D22<=I22,OR(H22="",H22>=I22)),E22,0)) | N22: =IF($A22="","",IF(M22=0,0,MIN(L22*MAX(0,MIN(I22,D22+G22*365.25)-D22)/365.25,K22))) | O22: =IF($A22="","",IF(OR(D22>J22,AND(H22<>"",H22<I22)),0,MIN(L22*MAX(0,MIN(IF(AND(H22<>"",H22<=J22),H22,J22),D22+G22*365.25)-D22)/365.25,K22)-N22)) | P22: =IF($A22="","",IF(AND(H22<>"",H22>=I22,H22<=J22),N22+O22,0)) | Q22: =IF($A22="","",N22+O22-P22) | R22: =IF($A22="","",IF(OR(D22>J22,AND(H22<>"",H22<=J22)),0,E22)) | S22: =IF($A22="","",R22-Q22) | T22: =IF($A22="","",IF(D22>J22,"Not yet acquired",IF(AND(H22<>"",H22<=J22),IF(H22<I22,"Disposed (Prior Year)","Disposed This Year"),IF(Q22>=K22-0.5,"Fully depreciated","In use"))))
... I25: =IF($A25="","",Settings!$C$6) | J25: =IF($A25="","",Settings!$C$5) | K25: =IF($A25="","",E25-F25) | L25: =IF($A25="","",IFERROR(K25/G25,"")) | M25: =IF($A25="","",IF(AND(D25<=I25,OR(H25="",H25>=I25)),E25,0)) | N25: =IF($A25="","",IF(M25=0,0,MIN(L25*MAX(0,MIN(I25,D25+G25*365.25)-D25)/365.25,K25))) | O25: =IF($A25="","",IF(OR(D25>J25,AND(H25<>"",H25<I25)),0,MIN(L25*MAX(0,MIN(IF(AND(H25<>"",H25<=J25),H25,J25),D25+G25*365.25)-D25)/365.25,K25)-N25)) | P25: =IF($A25="","",IF(AND(H25<>"",H25>=I25,H25<=J25),N25+O25,0)) | Q25: =IF($A25="","",N25+O25-P25) | R25: =IF($A25="","",IF(OR(D25>J25,AND(H25<>"",H25<=J25)),0,E25)) | S25: =IF($A25="","",R25-Q25) | T25: =IF($A25="","",IF(D25>J25,"Not yet acquired",IF(AND(H25<>"",H25<=J25),IF(H25<I25,"Disposed (Prior Year)","Disposed This Year"),IF(Q25>=K25-0.5,"Fully depreciated","In use"))))
A26: TOTAL | M26: =SUM(M6:M25) -> 495100 | N26: =SUM(N6:N25) -> 97719.005 | O26: =SUM(O6:O25) -> 25712.617 | P26: =SUM(P6:P25) -> 4664.7502 | Q26: =SUM(Q6:Q25) -> 118766.87 | R26: =SUM(R6:R25) -> 529600 | S26: =SUM(S6:S25) -> 410833.13

Sheet Reducing Balance Register
A1: ← Back to Instructions
A2: Reducing Balance Register
A3: Reducing (diminishing) balance depreciation — opening and closing balances rolled forward for the financial year set on the Settings tab.
A5: Asset ID | B5: Description | C5: Category | D5: Purchase Date | E5: Cost | F5: Salvage Value | G5: Useful Life (yrs) | H5: Reducing Balance Rate | I5: Disposal Date | J5: Financial Year Start | K5: Financial Year End | L5: Opening Cost | M5: Opening Accumulated Depreciation | N5: Depreciation Charge for the Year | O5: Accumulated Depreciation Written Off on Disposal | P5: Closing Accumulated Depreciation | Q5: Closing Cost | R5: Closing Net Book Value | S5: Status
A6: FA-001 | B6: CNC Machining Center | C6: Machinery | D6: 46218 | E6: 50000 | F6: 5000 | G6: 9 | H6: =IF($A6="","",MIN(2/G6,1)) -> 0.22222222 | J6: =IF($A6="","",Settings!$C$6) -> 46023 | K6: =IF($A6="","",Settings!$C$5) -> 46387 | L6: =IF($A6="","",IF(AND(D6<=J6,OR(I6="",I6>=J6)),E6,0)) -> 0 | M6: =IF($A6="","",IF(L6=0,0,E6-MAX(F6,E6*(1-H6)^(MAX(0,MIN(J6,D6+G6*365.25)-D6)/365.25)))) -> 0 | N6: =IF($A6="","",IF(OR(D6>K6,AND(I6<>"",I6<J6)),0,E6-MAX(F6,E6*(1-H6)^(MAX(0,MIN(IF(AND(I6<>"",I6<=K6),I6,K6),D6+G6*365.25)-D6)/365.25))-M6)) -> 5488.8096 | O6: =IF($A6="","",IF(AND(I6<>"",I6>=J6,I6<=K6),M6+N6,0)) -> 0 | P6: =IF($A6="","",M6+N6-O6) -> 5488.8096 | Q6: =IF($A6="","",IF(OR(D6>K6,AND(I6<>"",I6<=K6)),0,E6)) -> 50000 | R6: =IF($A6="","",Q6-P6) -> 44511.19 | S6: =IF($A6="","",IF(D6>K6,"Not yet acquired",IF(AND(I6<>"",I6<=K6),IF(I6<J6,"Disposed (Prior Year)","Disposed This Year"),IF(P6>=E6-F6-0.5,"Fully depreciated","In use")))) -> In use
A7: FA-002 | B7: Toyota Hilux — Fleet Vehicle | C7: Vehicles | D7: 45352 | E7: 38000 | F7: 6000 | G7: 6 | H7: =IF($A7="","",MIN(2/G7,1)) -> 0.33333333 | J7: =IF($A7="","",Settings!$C$6) -> 46023 | K7: =IF($A7="","",Settings!$C$5) -> 46387 | L7: =IF($A7="","",IF(AND(D7<=J7,OR(I7="",I7>=J7)),E7,0)) -> 38000 | M7: =IF($A7="","",IF(L7=0,0,E7-MAX(F7,E7*(1-H7)^(MAX(0,MIN(J7,D7+G7*365.25)-D7)/365.25)))) -> 19957.915 | N7: =IF($A7="","",IF(OR(D7>K7,AND(I7<>"",I7<J7)),0,E7-MAX(F7,E7*(1-H7)^(MAX(0,MIN(IF(AND(I7<>"",I7<=K7),I7,K7),D7+G7*365.25)-D7)/365.25))-M7)) -> 5997.3262 | O7: =IF($A7="","",IF(AND(I7<>"",I7>=J7,I7<=K7),M7+N7,0)) -> 0 | P7: =IF($A7="","",M7+N7-O7) -> 25955.241 | Q7: =IF($A7="","",IF(OR(D7>K7,AND(I7<>"",I7<=K7)),0,E7)) -> 38000 | R7: =IF($A7="","",Q7-P7) -> 12044.759 | S7: =IF($A7="","",IF(D7>K7,"Not yet acquired",IF(AND(I7<>"",I7<=K7),IF(I7<J7,"Disposed (Prior Year)","Disposed This Year"),IF(P7>=E7-F7-0.5,"Fully depreciated","In use")))) -> In use
A8: FA-003 | B8: Head Office Building (Extension) | C8: Buildings | D8: 43475 | E8: 420000 | F8: 60000 | G8: 30 | H8: =IF($A8="","",MIN(2/G8,1)) -> 0.066666667 | J8: =IF($A8="","",Settings!$C$6) -> 46023 | K8: =IF($A8="","",Settings!$C$5) -> 46387 | L8: =IF($A8="","",IF(AND(D8<=J8,OR(I8="",I8>=J8)),E8,0)) -> 420000 | M8: =IF($A8="","",IF(L8=0,0,E8-MAX(F8,E8*(1-H8)^(MAX(0,MIN(J8,D8+G8*365.25)-D8)/365.25)))) -> 160447.91 | N8: =IF($A8="","",IF(OR(D8>K8,AND(I8<>"",I8<J8)),0,E8-MAX(F8,E8*(1-H8)^(MAX(0,MIN(IF(AND(I8<>"",I8<=K8),I8,K8),D8+G8*365.25)-D8)/365.25))-M8)) -> 17246.267 | O8: =IF($A8="","",IF(AND(I8<>"",I8>=J8,I8<=K8),M8+N8,0)) -> 0 | P8: =IF($A8="","",M8+N8-O8) -> 177694.18 | Q8: =IF($A8="","",IF(OR(D8>K8,AND(I8<>"",I8<=K8)),0,E8)) -> 420000 | R8: =IF($A8="","",Q8-P8) -> 242305.82 | S8: =IF($A8="","",IF(D8>K8,"Not yet acquired",IF(AND(I8<>"",I8<=K8),IF(I8<J8,"Disposed (Prior Year)","Disposed This Year"),IF(P8>=E8-F8-0.5,"Fully depreciated","In use")))) -> In use
A9: FA-004 | B9: Dell Precision Workstations (x12) | C9: Computer Equipment | D9: 45981 | E9: 21600 | F9: 1200 | G9: 4 | H9: =IF($A9="","",MIN(2/G9,1)) -> 0.5 | J9: =IF($A9="","",Settings!$C$6) -> 46023 | K9: =IF($A9="","",Settings!$C$5) -> 46387 | L9: =IF($A9="","",IF(AND(D9<=J9,OR(I9="",I9>=J9)),E9,0)) -> 21600 | M9: =IF($A9="","",IF(L9=0,0,E9-MAX(F9,E9*(1-H9)^(MAX(0,MIN(J9,D9+G9*365.25)-D9)/365.25)))) -> 1654.8001 | N9: =IF($A9="","",IF(OR(D9>K9,AND(I9<>"",I9<J9)),0,E9-MAX(F9,E9*(1-H9)^(MAX(0,MIN(IF(AND(I9<>"",I9<=K9),I9,K9),D9+G9*365.25)-D9)/365.25))-M9)) -> 9948.9152 | O9: =IF($A9="","",IF(AND(I9<>"",I9>=J9,I9<=K9),M9+N9,0)) -> 0 | P9: =IF($A9="","",M9+N9-O9) -> 11603.715 | Q9: =IF($A9="","",IF(OR(D9>K9,AND(I9<>"",I9<=K9)),0,E9)) -> 21600 | R9: =IF($A9="","",Q9-P9) -> 9996.2847 | S9: =IF($A9="","",IF(D9>K9,"Not yet acquired",IF(AND(I9<>"",I9<=K9),IF(I9<J9,"Disposed (Prior Year)","Disposed This Year"),IF(P9>=E9-F9-0.5,"Fully depreciated","In use")))) -> In use
A10: FA-005 | B10: Warehouse Racking System | C10: Fixtures & Fittings | D10: 45078 | E10: 15500 | F10: 1500 | G10: 10 | H10: =IF($A10="","",MIN(2/G10,1)) -> 0.2 | I10: 46295 | J10: =IF($A10="","",Settings!$C$6) -> 46023 | K10: =IF($A10="","",Settings!$C$5) -> 46387 | L10: =IF($A10="","",IF(AND(D10<=J10,OR(I10="",I10>=J10)),E10,0)) -> 15500 | M10: =IF($A10="","",IF(L10=0,0,E10-MAX(F10,E10*(1-H10)^(MAX(0,MIN(J10,D10+G10*365.25)-D10)/365.25)))) -> 6798.3938 | N10: =IF($A10="","",IF(OR(D10>K10,AND(I10<>"",I10<J10)),0,E10-MAX(F10,E10*(1-H10)^(MAX(0,MIN(IF(AND(I10<>"",I10<=K10),I10,K10),D10+G10*365.25)-D10)/365.25))-M10)) -> 1332.2257 | O10: =IF($A10="","",IF(AND(I10<>"",I10>=J10,I10<=K10),M10+N10,0)) -> 8130.6194 | P10: =IF($A10="","",M10+N10-O10) -> 0 | Q10: =IF($A10="","",IF(OR(D10>K10,AND(I10<>"",I10<=K10)),0,E10)) -> 0 | R10: =IF($A10="","",Q10-P10) -> 0 | S10: =IF($A10="","",IF(D10>K10,"Not yet acquired",IF(AND(I10<>"",I10<=K10),IF(I10<J10,"Disposed (Prior Year)","Disposed This Year"),IF(P10>=E10-F10-0.5,"Fully depreciated","In use")))) -> Disposed This Year
H11: =IF($A11="","",MIN(2/G11,1)) | J11: =IF($A11="","",Settings!$C$6) | K11: =IF($A11="","",Settings!$C$5) | L11: =IF($A11="","",IF(AND(D11<=J11,OR(I11="",I11>=J11)),E11,0)) | M11: =IF($A11="","",IF(L11=0,0,E11-MAX(F11,E11*(1-H11)^(MAX(0,MIN(J11,D11+G11*365.25)-D11)/365.25)))) | N11: =IF($A11="","",IF(OR(D11>K11,AND(I11<>"",I11<J11)),0,E11-MAX(F11,E11*(1-H11)^(MAX(0,MIN(IF(AND(I11<>"",I11<=K11),I11,K11),D11+G11*365.25)-D11)/365.25))-M11)) | O11: =IF($A11="","",IF(AND(I11<>"",I11>=J11,I11<=K11),M11+N11,0)) | P11: =IF($A11="","",M11+N11-O11) | Q11: =IF($A11="","",IF(OR(D11>K11,AND(I11<>"",I11<=K11)),0,E11)) | R11: =IF($A11="","",Q11-P11) | S11: =IF($A11="","",IF(D11>K11,"Not yet acquired",IF(AND(I11<>"",I11<=K11),IF(I11<J11,"Disposed (Prior Year)","Disposed This Year"),IF(P11>=E11-F11-0.5,"Fully depreciated","In use"))))
H12: =IF($A12="","",MIN(2/G12,1)) | J12: =IF($A12="","",Settings!$C$6) | K12: =IF($A12="","",Settings!$C$5) | L12: =IF($A12="","",IF(AND(D12<=J12,OR(I12="",I12>=J12)),E12,0)) | M12: =IF($A12="","",IF(L12=0,0,E12-MAX(F12,E12*(1-H12)^(MAX(0,MIN(J12,D12+G12*365.25)-D12)/365.25)))) | N12: =IF($A12="","",IF(OR(D12>K12,AND(I12<>"",I12<J12)),0,E12-MAX(F12,E12*(1-H12)^(MAX(0,MIN(IF(AND(I12<>"",I12<=K12),I12,K12),D12+G12*365.25)-D12)/365.25))-M12)) | O12: =IF($A12="","",IF(AND(I12<>"",I12>=J12,I12<=K12),M12+N12,0)) | P12: =IF($A12="","",M12+N12-O12) | Q12: =IF($A12="","",IF(OR(D12>K12,AND(I12<>"",I12<=K12)),0,E12)) | R12: =IF($A12="","",Q12-P12) | S12: =IF($A12="","",IF(D12>K12,"Not yet acquired",IF(AND(I12<>"",I12<=K12),IF(I12<J12,"Disposed (Prior Year)","Disposed This Year"),IF(P12>=E12-F12-0.5,"Fully depreciated","In use"))))
H13: =IF($A13="","",MIN(2/G13,1)) | J13: =IF($A13="","",Settings!$C$6) | K13: =IF($A13="","",Settings!$C$5) | L13: =IF($A13="","",IF(AND(D13<=J13,OR(I13="",I13>=J13)),E13,0)) | M13: =IF($A13="","",IF(L13=0,0,E13-MAX(F13,E13*(1-H13)^(MAX(0,MIN(J13,D13+G13*365.25)-D13)/365.25)))) | N13: =IF($A13="","",IF(OR(D13>K13,AND(I13<>"",I13<J13)),0,E13-MAX(F13,E13*(1-H13)^(MAX(0,MIN(IF(AND(I13<>"",I13<=K13),I13,K13),D13+G13*365.25)-D13)/365.25))-M13)) | O13: =IF($A13="","",IF(AND(I13<>"",I13>=J13,I13<=K13),M13+N13,0)) | P13: =IF($A13="","",M13+N13-O13) | Q13: =IF($A13="","",IF(OR(D13>K13,AND(I13<>"",I13<=K13)),0,E13)) | R13: =IF($A13="","",Q13-P13) | S13: =IF($A13="","",IF(D13>K13,"Not yet acquired",IF(AND(I13<>"",I13<=K13),IF(I13<J13,"Disposed (Prior Year)","Disposed This Year"),IF(P13>=E13-F13-0.5,"Fully depreciated","In use"))))
H14: =IF($A14="","",MIN(2/G14,1)) | J14: =IF($A14="","",Settings!$C$6) | K14: =IF($A14="","",Settings!$C$5) | L14: =IF($A14="","",IF(AND(D14<=J14,OR(I14="",I14>=J14)),E14,0)) | M14: =IF($A14="","",IF(L14=0,0,E14-MAX(F14,E14*(1-H14)^(MAX(0,MIN(J14,D14+G14*365.25)-D14)/365.25)))) | N14: =IF($A14="","",IF(OR(D14>K14,AND(I14<>"",I14<J14)),0,E14-MAX(F14,E14*(1-H14)^(MAX(0,MIN(IF(AND(I14<>"",I14<=K14),I14,K14),D14+G14*365.25)-D14)/365.25))-M14)) | O14: =IF($A14="","",IF(AND(I14<>"",I14>=J14,I14<=K14),M14+N14,0)) | P14: =IF($A14="","",M14+N14-O14) | Q14: =IF($A14="","",IF(OR(D14>K14,AND(I14<>"",I14<=K14)),0,E14)) | R14: =IF($A14="","",Q14-P14) | S14: =IF($A14="","",IF(D14>K14,"Not yet acquired",IF(AND(I14<>"",I14<=K14),IF(I14<J14,"Disposed (Prior Year)","Disposed This Year"),IF(P14>=E14-F14-0.5,"Fully depreciated","In use"))))
H15: =IF($A15="","",MIN(2/G15,1)) | J15: =IF($A15="","",Settings!$C$6) | K15: =IF($A15="","",Settings!$C$5) | L15: =IF($A15="","",IF(AND(D15<=J15,OR(I15="",I15>=J15)),E15,0)) | M15: =IF($A15="","",IF(L15=0,0,E15-MAX(F15,E15*(1-H15)^(MAX(0,MIN(J15,D15+G15*365.25)-D15)/365.25)))) | N15: =IF($A15="","",IF(OR(D15>K15,AND(I15<>"",I15<J15)),0,E15-MAX(F15,E15*(1-H15)^(MAX(0,MIN(IF(AND(I15<>"",I15<=K15),I15,K15),D15+G15*365.25)-D15)/365.25))-M15)) | O15: =IF($A15="","",IF(AND(I15<>"",I15>=J15,I15<=K15),M15+N15,0)) | P15: =IF($A15="","",M15+N15-O15) | Q15: =IF($A15="","",IF(OR(D15>K15,AND(I15<>"",I15<=K15)),0,E15)) | R15: =IF($A15="","",Q15-P15) | S15: =IF($A15="","",IF(D15>K15,"Not yet acquired",IF(AND(I15<>"",I15<=K15),IF(I15<J15,"Disposed (Prior Year)","Disposed This Year"),IF(P15>=E15-F15-0.5,"Fully depreciated","In use"))))
H16: =IF($A16="","",MIN(2/G16,1)) | J16: =IF($A16="","",Settings!$C$6) | K16: =IF($A16="","",Settings!$C$5) | L16: =IF($A16="","",IF(AND(D16<=J16,OR(I16="",I16>=J16)),E16,0)) | M16: =IF($A16="","",IF(L16=0,0,E16-MAX(F16,E16*(1-H16)^(MAX(0,MIN(J16,D16+G16*365.25)-D16)/365.25)))) | N16: =IF($A16="","",IF(OR(D16>K16,AND(I16<>"",I16<J16)),0,E16-MAX(F16,E16*(1-H16)^(MAX(0,MIN(IF(AND(I16<>"",I16<=K16),I16,K16),D16+G16*365.25)-D16)/365.25))-M16)) | O16: =IF($A16="","",IF(AND(I16<>"",I16>=J16,I16<=K16),M16+N16,0)) | P16: =IF($A16="","",M16+N16-O16) | Q16: =IF($A16="","",IF(OR(D16>K16,AND(I16<>"",I16<=K16)),0,E16)) | R16: =IF($A16="","",Q16-P16) | S16: =IF($A16="","",IF(D16>K16,"Not yet acquired",IF(AND(I16<>"",I16<=K16),IF(I16<J16,"Disposed (Prior Year)","Disposed This Year"),IF(P16>=E16-F16-0.5,"Fully depreciated","In use"))))
H17: =IF($A17="","",MIN(2/G17,1)) | J17: =IF($A17="","",Settings!$C$6) | K17: =IF($A17="","",Settings!$C$5) | L17: =IF($A17="","",IF(AND(D17<=J17,OR(I17="",I17>=J17)),E17,0)) | M17: =IF($A17="","",IF(L17=0,0,E17-MAX(F17,E17*(1-H17)^(MAX(0,MIN(J17,D17+G17*365.25)-D17)/365.25)))) | N17: =IF($A17="","",IF(OR(D17>K17,AND(I17<>"",I17<J17)),0,E17-MAX(F17,E17*(1-H17)^(MAX(0,MIN(IF(AND(I17<>"",I17<=K17),I17,K17),D17+G17*365.25)-D17)/365.25))-M17)) | O17: =IF($A17="","",IF(AND(I17<>"",I17>=J17,I17<=K17),M17+N17,0)) | P17: =IF($A17="","",M17+N17-O17) | Q17: =IF($A17="","",IF(OR(D17>K17,AND(I17<>"",I17<=K17)),0,E17)) | R17: =IF($A17="","",Q17-P17) | S17: =IF($A17="","",IF(D17>K17,"Not yet acquired",IF(AND(I17<>"",I17<=K17),IF(I17<J17,"Disposed (Prior Year)","Disposed This Year"),IF(P17>=E17-F17-0.5,"Fully depreciated","In use"))))
H18: =IF($A18="","",MIN(2/G18,1)) | J18: =IF($A18="","",Settings!$C$6) | K18: =IF($A18="","",Settings!$C$5) | L18: =IF($A18="","",IF(AND(D18<=J18,OR(I18="",I18>=J18)),E18,0)) | M18: =IF($A18="","",IF(L18=0,0,E18-MAX(F18,E18*(1-H18)^(MAX(0,MIN(J18,D18+G18*365.25)-D18)/365.25)))) | N18: =IF($A18="","",IF(OR(D18>K18,AND(I18<>"",I18<J18)),0,E18-MAX(F18,E18*(1-H18)^(MAX(0,MIN(IF(AND(I18<>"",I18<=K18),I18,K18),D18+G18*365.25)-D18)/365.25))-M18)) | O18: =IF($A18="","",IF(AND(I18<>"",I18>=J18,I18<=K18),M18+N18,0)) | P18: =IF($A18="","",M18+N18-O18) | Q18: =IF($A18="","",IF(OR(D18>K18,AND(I18<>"",I18<=K18)),0,E18)) | R18: =IF($A18="","",Q18-P18) | S18: =IF($A18="","",IF(D18>K18,"Not yet acquired",IF(AND(I18<>"",I18<=K18),IF(I18<J18,"Disposed (Prior Year)","Disposed This Year"),IF(P18>=E18-F18-0.5,"Fully depreciated","In use"))))
H19: =IF($A19="","",MIN(2/G19,1)) | J19: =IF($A19="","",Settings!$C$6) | K19: =IF($A19="","",Settings!$C$5) | L19: =IF($A19="","",IF(AND(D19<=J19,OR(I19="",I19>=J19)),E19,0)) | M19: =IF($A19="","",IF(L19=0,0,E19-MAX(F19,E19*(1-H19)^(MAX(0,MIN(J19,D19+G19*365.25)-D19)/365.25)))) | N19: =IF($A19="","",IF(OR(D19>K19,AND(I19<>"",I19<J19)),0,E19-MAX(F19,E19*(1-H19)^(MAX(0,MIN(IF(AND(I19<>"",I19<=K19),I19,K19),D19+G19*365.25)-D19)/365.25))-M19)) | O19: =IF($A19="","",IF(AND(I19<>"",I19>=J19,I19<=K19),M19+N19,0)) | P19: =IF($A19="","",M19+N19-O19) | Q19: =IF($A19="","",IF(OR(D19>K19,AND(I19<>"",I19<=K19)),0,E19)) | R19: =IF($A19="","",Q19-P19) | S19: =IF($A19="","",IF(D19>K19,"Not yet acquired",IF(AND(I19<>"",I19<=K19),IF(I19<J19,"Disposed (Prior Year)","Disposed This Year"),IF(P19>=E19-F19-0.5,"Fully depreciated","In use"))))
H20: =IF($A20="","",MIN(2/G20,1)) | J20: =IF($A20="","",Settings!$C$6) | K20: =IF($A20="","",Settings!$C$5) | L20: =IF($A20="","",IF(AND(D20<=J20,OR(I20="",I20>=J20)),E20,0)) | M20: =IF($A20="","",IF(L20=0,0,E20-MAX(F20,E20*(1-H20)^(MAX(0,MIN(J20,D20+G20*365.25)-D20)/365.25)))) | N20: =IF($A20="","",IF(OR(D20>K20,AND(I20<>"",I20<J20)),0,E20-MAX(F20,E20*(1-H20)^(MAX(0,MIN(IF(AND(I20<>"",I20<=K20),I20,K20),D20+G20*365.25)-D20)/365.25))-M20)) | O20: =IF($A20="","",IF(AND(I20<>"",I20>=J20,I20<=K20),M20+N20,0)) | P20: =IF($A20="","",M20+N20-O20) | Q20: =IF($A20="","",IF(OR(D20>K20,AND(I20<>"",I20<=K20)),0,E20)) | R20: =IF($A20="","",Q20-P20) | S20: =IF($A20="","",IF(D20>K20,"Not yet acquired",IF(AND(I20<>"",I20<=K20),IF(I20<J20,"Disposed (Prior Year)","Disposed This Year"),IF(P20>=E20-F20-0.5,"Fully depreciated","In use"))))
H21: =IF($A21="","",MIN(2/G21,1)) | J21: =IF($A21="","",Settings!$C$6) | K21: =IF($A21="","",Settings!$C$5) | L21: =IF($A21="","",IF(AND(D21<=J21,OR(I21="",I21>=J21)),E21,0)) | M21: =IF($A21="","",IF(L21=0,0,E21-MAX(F21,E21*(1-H21)^(MAX(0,MIN(J21,D21+G21*365.25)-D21)/365.25)))) | N21: =IF($A21="","",IF(OR(D21>K21,AND(I21<>"",I21<J21)),0,E21-MAX(F21,E21*(1-H21)^(MAX(0,MIN(IF(AND(I21<>"",I21<=K21),I21,K21),D21+G21*365.25)-D21)/365.25))-M21)) | O21: =IF($A21="","",IF(AND(I21<>"",I21>=J21,I21<=K21),M21+N21,0)) | P21: =IF($A21="","",M21+N21-O21) | Q21: =IF($A21="","",IF(OR(D21>K21,AND(I21<>"",I21<=K21)),0,E21)) | R21: =IF($A21="","",Q21-P21) | S21: =IF($A21="","",IF(D21>K21,"Not yet acquired",IF(AND(I21<>"",I21<=K21),IF(I21<J21,"Disposed (Prior Year)","Disposed This Year"),IF(P21>=E21-F21-0.5,"Fully depreciated","In use"))))
H22: =IF($A22="","",MIN(2/G22,1)) | J22: =IF($A22="","",Settings!$C$6) | K22: =IF($A22="","",Settings!$C$5) | L22: =IF($A22="","",IF(AND(D22<=J22,OR(I22="",I22>=J22)),E22,0)) | M22: =IF($A22="","",IF(L22=0,0,E22-MAX(F22,E22*(1-H22)^(MAX(0,MIN(J22,D22+G22*365.25)-D22)/365.25)))) | N22: =IF($A22="","",IF(OR(D22>K22,AND(I22<>"",I22<J22)),0,E22-MAX(F22,E22*(1-H22)^(MAX(0,MIN(IF(AND(I22<>"",I22<=K22),I22,K22),D22+G22*365.25)-D22)/365.25))-M22)) | O22: =IF($A22="","",IF(AND(I22<>"",I22>=J22,I22<=K22),M22+N22,0)) | P22: =IF($A22="","",M22+N22-O22) | Q22: =IF($A22="","",IF(OR(D22>K22,AND(I22<>"",I22<=K22)),0,E22)) | R22: =IF($A22="","",Q22-P22) | S22: =IF($A22="","",IF(D22>K22,"Not yet acquired",IF(AND(I22<>"",I22<=K22),IF(I22<J22,"Disposed (Prior Year)","Disposed This Year"),IF(P22>=E22-F22-0.5,"Fully depreciated","In use"))))
... H25: =IF($A25="","",MIN(2/G25,1)) | J25: =IF($A25="","",Settings!$C$6) | K25: =IF($A25="","",Settings!$C$5) | L25: =IF($A25="","",IF(AND(D25<=J25,OR(I25="",I25>=J25)),E25,0)) | M25: =IF($A25="","",IF(L25=0,0,E25-MAX(F25,E25*(1-H25)^(MAX(0,MIN(J25,D25+G25*365.25)-D25)/365.25)))) | N25: =IF($A25="","",IF(OR(D25>K25,AND(I25<>"",I25<J25)),0,E25-MAX(F25,E25*(1-H25)^(MAX(0,MIN(IF(AND(I25<>"",I25<=K25),I25,K25),D25+G25*365.25)-D25)/365.25))-M25)) | O25: =IF($A25="","",IF(AND(I25<>"",I25>=J25,I25<=K25),M25+N25,0)) | P25: =IF($A25="","",M25+N25-O25) | Q25: =IF($A25="","",IF(OR(D25>K25,AND(I25<>"",I25<=K25)),0,E25)) | R25: =IF($A25="","",Q25-P25) | S25: =IF($A25="","",IF(D25>K25,"Not yet acquired",IF(AND(I25<>"",I25<=K25),IF(I25<J25,"Disposed (Prior Year)","Disposed This Year"),IF(P25>=E25-F25-0.5,"Fully depreciated","In use"))))
A26: TOTAL | L26: =SUM(L6:L25) -> 495100 | M26: =SUM(M6:M25) -> 188859.02 | N26: =SUM(N6:N25) -> 40013.544 | O26: =SUM(O6:O25) -> 8130.6194 | P26: =SUM(P6:P25) -> 220741.94 | Q26: =SUM(Q6:Q25) -> 529600 | R26: =SUM(R6:R25) -> 308858.06

Sheet Summary
B1: ← Back to Instructions
B3: Register Summary
B4: =CONCATENATE("Financial year ", TEXT(Settings!$C$6,"dd mmm yyyy"), " to ", TEXT(Settings!$C$5,"dd mmm yyyy")) -> Financial year 01 Jan 2026 to 31 Dec 2026
C6: Straight-Line Register | D6: Reducing Balance Register | E6: Combined
B7: Number of Assets | C7: =COUNTA('Straight-Line Register'!A6:A25) -> 5 | D7: =COUNTA('Reducing Balance Register'!A6:A25) -> 5
B8: Total Opening Cost | C8: ='Straight-Line Register'!M26 -> 495100 | D8: ='Reducing Balance Register'!L26 -> 495100
B9: Total Opening Accumulated Depreciation | C9: ='Straight-Line Register'!N26 -> 97719.005 | D9: ='Reducing Balance Register'!M26 -> 188859.02
B10: Total Depreciation Charge for the Year | C10: ='Straight-Line Register'!O26 -> 25712.617 | D10: ='Reducing Balance Register'!N26 -> 40013.544
B11: Total Accumulated Depreciation Written Off on Disposal | C11: ='Straight-Line Register'!P26 -> 4664.7502 | D11: ='Reducing Balance Register'!O26 -> 8130.6194
B12: Total Closing Cost | C12: ='Straight-Line Register'!R26 -> 529600 | D12: ='Reducing Balance Register'!Q26 -> 529600
B13: Total Closing Accumulated Depreciation | C13: ='Straight-Line Register'!Q26 -> 118766.87 | D13: ='Reducing Balance Register'!P26 -> 220741.94
B14: Total Closing Net Book Value | C14: ='Straight-Line Register'!S26 -> 410833.13 | D14: ='Reducing Balance Register'!R26 -> 308858.06
B16: Note: the two registers list the same sample assets under each method for comparison; totals are not meant to be added together as a single portfolio value.
